 Dungeon Crawl Stone Soup version 0.29.1-14-g9c671dbff4 (webtiles) character file.

Game seed: 10972007195883248650

64 protoss039 the Digger (level 3, -9/27 HPs)
             Began as a Demonspawn Earth Elementalist on Feb 17, 2023.
             Killed by nerve-wracking pain
             ... invoked by Grinder
              (14 damage)
             ... on level 3 of the Dungeon.
             The game lasted 00:02:39 (1897 turns).

protoss039 the Digger (DsEE)                        Turns: 1897, Time: 00:02:40

Health: -9/27      AC:  5    Str:  8    XL:     3   Next: 91%
Magic:  5/7        EV: 12    Int: 18    God:
Gold:   111        SH:  0    Dex: 13    Spells: 4/7 levels left

rFire   . . .      SeeInvis .   n - +2 dagger (speed)
rCold   . . .      Faith    .   (no shield)
rNeg    . . .      Spirit   .   a - +0 robe
rPois   .          Reflect  .   (no helmet)
rElec   .          Harm     .   (no cloak)
rCorr   .          Rampage  .   j - +0 pair of gloves
Will    .....                   (no boots)
Stlth   ++........              k - amulet of magic regeneration
HPRegen 0.09/turn               (no ring)
MPRegen 0.50/turn               (no ring)

@: very slightly contaminated
A: slimy green scales 1, demonic touch 1
a: no special abilities


You were on level 3 of the Dungeon.
You visited 1 branch of the dungeon, and saw 3 of its levels.

You collected 111 gold pieces.

Inventory:

Hand Weapons
 n - a +2 dagger of speed (weapon)
Armour
 a - a +0 robe (worn)
 j - a +0 pair of gloves (worn)
Magical Staves
 e - a staff of fire
Jewellery
 k - an amulet of magic regeneration (around neck)
Scrolls
 c - a scroll of identify {unknown}
 f - a scroll of enchant weapon {unknown}
 i - a scroll of silence {unknown}
 l - a scroll of enchant armour {unknown}
Potions
 b - a potion of magic
 d - 2 potions of mutation {unknown}
 g - 3 potions of cancellation {unknown}
 h - a potion of might {unknown}
 m - a potion of resistance {unknown}


   Skills:
 + Level 1.9 Fighting
 - Level 1.7 Dodging
 - Level 1.7 Stealth
 + Level 2.7 Spellcasting
 - Level 0.8 Transmutations
 + Level 3.3 Earth Magic


You had 4 spell levels left.
You knew the following spells:

 Your Spells              Type           Power      Damage    Failure   Level
a - Sandblast             Erth           28%        2d8       4%          1
b - Passwall              Tmut/Erth      8%         N/A       11%         2

Your spell library contained the following spells:

 Spells                   Type           Power      Damage    Failure   Level
 Stone Arrow              Conj/Erth      16%        3d8       26%         3
 Petrify                  Tmut/Erth      10%        N/A       56%         4


Dungeon Overview and Level Annotations

Branches:
Dungeon (3/15) Zot: 16084

Altars:
Qazlal

Annotations:
D:3 Grinder


Innate Abilities, Weirdness & Mutations

You are partially covered in slimy green scales. (AC +2)
Your touch may inflict minor irresistible damage on your foes.


Message History

Casting: Sandblast (safe; 4% risk of failure)
Confirm with . or Enter, or press ? or * to list all spells.
Aiming: Sandblast (safe; 4% risk of failure)
Press: ? - help, Shift-Dir - straight line, f/p - Grinder
Aim: Grinder (severely wounded, 80% to hit)
The blast of sand hits Grinder.
Grinder is almost dead.
Grinder hits you but does no damage. x2
Unknown command.
Casting: Sandblast (safe; 4% risk of failure)
Confirm with . or Enter, or press ? or * to list all spells.
Aiming: Sandblast (safe; 4% risk of failure)
Press: ? - help, Shift-Dir - straight line, f/p - Grinder
Aim: Grinder (almost dead, 80% to hit)
You miscast Sandblast.
You are very lightly contaminated with residual magic.
Nothing appears to happen.
Grinder misses you.
Unknown command.
Unknown command.
Casting: Sandblast (safe; 4% risk of failure)
Confirm with . or Enter, or press ? or * to list all spells.
Aiming: Sandblast (safe; 4% risk of failure)
Press: ? - help, Shift-Dir - straight line, f/p - Grinder
Aim: Grinder (almost dead, 80% to hit)
The blast of sand misses Grinder.
Grinder hits you!
* * * LOW HITPOINT WARNING * * *
Unknown command.
Unknown command.
Casting: Sandblast (safe; 4% risk of failure)
Confirm with . or Enter, or press ? or * to list all spells.
Aiming: Sandblast (safe; 4% risk of failure)
Press: ? - help, Shift-Dir - straight line, f/p - Grinder
Aim: Grinder (almost dead, 80% to hit)
The blast of sand hits Grinder but does no damage.
Grinder is almost dead.
Grinder misses you. Grinder gestures at you. Pain shoots through your body!
Ouch! That really hurt!
You die...

.. ? .# =.
.# ... .#
.... .#
.(... .#
.>....###.#
.......@<.#
#...##5##.#
# #K .# #.
.# #. .# ..
.# ## .. ##


You could see Grinder and a kobold.

Vanquished Creatures
  An adder (D:2)
  3 dart slugs
  7 endoplasms
  2 giant cockroaches (D:2)
  4 goblins
  2 hobgoblins
  6 jackals
  5 kobolds
  A quokka (D:1)
  2 ball pythons
  4 bats
  2 frilled lizards
  4 rats
43 creatures vanquished.

Notes
Turn   | Place    | Note
-------+----------+-------------------------------------------
     0 | D:1      | protoss039 the Demonspawn Earth Elementalist began the
                  | quest for the Orb.
     0 | D:1      | Reached XP level 1. HP: 13/13 MP: 3/3
   389 | D:1      | Found a faded altar of an unknown god.
   403 | D:1      | Gained mutation: You are partially covered in slimy green
                  | scales. (AC +2) [demonic ancestry]
   403 | D:1      | Reached XP level 2. HP: 20/20 MP: 3/5
   593 | D:1      | Reached skill level 1 in Fighting
   705 | D:1      | Reached skill level 3 in Earth Magic
  1046 | D:1      | Learned a level 2 spell: Passwall
  1097 | D:2      | Found a stormy altar of Qazlal.
  1100 | D:2      | Gained mutation: Your touch may inflict minor irresistible
                  | damage on your foes. [demonic ancestry]
  1100 | D:2      | Reached XP level 3. HP: 26/26 MP: 3/6
  1870 | D:3      | Noticed Grinder
  1882 | D:3      | Paralysed by Grinder for 4 turns
  1897 | D:3      | Killed from afar by Grinder

Illustrated notes

Levels and vault maps discovered:
D:1:      minmay_arrival_semitransparent, layout_loops_cross,
          hellmonk_ecumenical_altar_arch_garden, hangedman_decor_peaks_small
D:2:      layout_loops_cross, basic_altar, feat_on_display
D:3:      layout_loops_ring, uniq_grinder

Skill      XL: |  1  2 |
---------------+-------+-----
Fighting       | 1 |  1.9
Earth Magic    | 3 |  3.3
Dodging        | |  1.7
Stealth        | |  1.7
Spellcasting   | |  2.7
Transmutations | |  0.8

Action                   || total
-------------------------++-------
Melee: Unarmed           ||     4
       Dagger            ||    50
       Punch             ||     1
       Touch             ||     8
 Cast: Sandblast         ||    50
 Stab: Sleeping          ||     4
Armor: Robe              ||    22
Dodge: Dodged            ||    50
